AoeStats
← 中年不油妮

African Clearing

510519468Analyzed
4v4 RM · 23h ago on Oct 1, 2026· 63m 38s· 8 players
Game mode
Random Map
Map size
Large (8 player)
Population
200
Speed
Normal
Resources
Standard
Victory
Conquest
Starting age
Dark Age
Ending age
Imperial Age
RankedLock teamsTeams togetherTeam positionsShared explorationLock speedFull tech treeHidden civsTurbo modeCheats
Victory
Defeat
🇦🇷 Khmer · Argentina
1200
+16
🇨🇳 Danes · China
1182
+17
🇹🇼 Vietnamese · Taiwan
1157
+18
🇨🇳 Tatars · China
1141
+19
🇨🇳 Mongols · China
1243
-19
🇦🇺 Maya · Australia
1226
-18
🇬🇧 Ethiopians · United Kingdom
1204
-18
🇨🇿 Portuguese · Czechia
1150
-15
月が綺麗
5:13 Loom
15:39 Feudal Age
19:46 Feudal Age
24:07 Castle Age
23:03 Double-Bit Axe
27:41 Horse Collar
36:50 Bow Saw
38:41 Wheelbarrow
38:19 Heavy Plow
39:08 Stone Mining
39:09 Gold Mining
39:27 Town Watch
39:43 Arson
42:49 Squires
46:12 Imperial Age
44:19 Scale Mail Armor
44:30 Forging
45:04 Hand Cart
45:00 Town Patrol
45:44 Chain Mail Armor
47:38 Plate Mail Armor
48:36 Iron Casting
49:41 Conscription
49:03 Elite Skirmisher
49:54 Thumb Ring
49:42 Fletching
50:26 Bodkin Arrow
57:23 Padded Archer Armor
58:26 Bracer
59:59 Leather Archer Armor
60:24 Bloodlines
64:13 Ballistics
nicebro
5:30 Loom
14:57 Feudal Age
16:03 Man-at-Arms
19:23 Castle Age
17:24 Double-Bit Axe
18:17 Gold Mining
19:45 Bloodlines
27:41 Scale Barding Armor
30:37 Forging
34:55 Pikeman
35:35 Squires
35:21 Arson
35:38 Scale Mail Armor
36:14 Iron Casting
35:30 Horse Collar
41:54 Town Watch
45:31 Chain Mail Armor
48:25 Imperial Age
47:28 Fletching
48:42 Husbandry
49:12 Bow Saw
49:05 Heavy Plow
64:53 Wheelbarrow
YOU B4STARD!
12:57 Feudal Age
16:16 Man-at-Arms
28:22 Castle Age
28:31 Horse Collar
28:38 Double-Bit Axe
35:40 Gold Mining
36:03 Bow Saw
35:55 Heavy Plow
38:52 Fletching
43:04 Wheelbarrow
42:33 Stone Mining
48:39 Imperial Age
46:28 Hand Cart
47:31 Padded Archer Armor
48:32 Bodkin Arrow
50:08 Conscription
49:56 Heavy Cavalry Archer
52:01 Bracer
52:17 Leather Archer Armor
56:26 Gold Shaft Mining
58:34 Ring Archer Armor
IGBBMN
17:39 Feudal Age
22:44 Castle Age
22:05 Bloodlines
22:25 Scale Barding Armor
26:54 Gold Mining
28:27 Husbandry
28:41 Forging
33:54 Iron Casting
36:05 Wheelbarrow
40:12 Imperial Age
38:34 Scale Mail Armor
37:56 Pikeman
39:30 Chain Mail Armor
39:10 Loom
40:21 Stone Mining
41:23 Town Watch
42:12 Horse Collar
42:29 Double-Bit Axe
43:36 Halberdier
47:42 Hand Cart
47:35 Padded Archer Armor
47:25 Fletching
47:02 Elite Skirmisher
48:37 Conscription
51:21 Bow Saw
51:57 Ballistics
52:38 Chemistry
51:23 Imperial Skirmisher
52:39 Double Crossbow
53:58 Siege Engineers
54:26 Heavy Scorpion
57:59 Capped Ram
62:02 Light Cavalry
63:08 Chain Barding Armor
DESTINNI
3:58 Loom
21:29 Feudal Age
22:43 Gold Mining
22:59 Town Watch
23:02 Double-Bit Axe
Defenestrator
12:18 Loom
14:57 Feudal Age
18:54 Fletching
22:56 Double-Bit Axe
25:47 Castle Age
中年不油妮
4:14 Loom
4:14 Loom
14:49 Feudal Age
15:37 Double-Bit Axe
19:16 Castle Age
19:06 Horse Collar
20:50 Bow Saw
21:42 Heavy Plow
23:30 Wheelbarrow
24:25 Gold Mining
26:30 Hand Cart
31:14 Imperial Age
29:07 Ballistics
30:25 Scale Barding Armor
31:44 Chain Barding Armor
31:51 Forging
31:50 Heavy Camel Rider
34:02 Iron Casting
33:36 Husbandry
37:29 Blast Furnace
36:19 Fletching
38:36 Bodkin Arrow
38:42 Padded Archer Armor
39:47 Chemistry
39:01 Stone Mining
39:47 Gold Shaft Mining
38:50 Crossbowman
39:36 Thumb Ring
39:33 Bracer
39:47 Masonry
39:09 Light Cavalry
40:06 Town Watch
40:51 Conscription
40:31 Arbalester
42:02 Siege Engineers
42:29 Architecture
42:45 Leather Archer Armor
42:00 Hussar
45:29 Murder Holes
48:26 Elite Shotel Warrior
54:17 Scale Mail Armor
54:48 Ring Archer Armor
57:55 Two-Man Saw
56:45 Onager
58:45 Siege Onager
fafagege
12:22 Loom
15:19 Feudal Age
18:56 Castle Age
16:43 Double-Bit Axe
16:44 Horse Collar
20:45 Wheelbarrow
19:56 Town Watch
22:22 Bow Saw
28:36 Heavy Plow
30:39 Scale Barding Armor
Connection lost

Rejoining the realm…

Still unreachable

The connection could not be restored.

Session expired

The server has moved on; the page needs a fresh start.